 Dungeon Sprint DCSS version 0.16-a0-3807-g3748f16 (console) character file.

2671 Monkaria the Fencer (level 9, 0/93 HPs)
             Began as a Hill Orc Fighter on Jan 28, 2015.
             Was a Plaything of Xom.
             Slain by an eight-headed hydra (3 damage)
             ... in the Dungeon (Sprint IX: "|||||||||||||||||||||||||||||").
             The game lasted 00:03:14 (792 turns).

Monkaria the Fencer (Hill Orc Fighter)               Turns: 792, Time: 00:03:15

Health: 0/93       AC:  9    Str: 35    XL:     9   Next: 63%
Magic:  9/9        EV:  7    Int:  8    God:    Xom [..*...]
Gold:   19         SH: 10    Dex: 10    Spells: 0 memorised, 8 levels left

rFire  . . .     SeeInvis .     q - +2 scimitar (holy)
rCold  . . .     Clarity  .     s - +1 scale mail
rNeg   . . .     SustAb   .     c - +0 shield
rPois  .         Gourm    .     (no helmet)
rElec  .         Spirit   .     (no cloak)
rCorr  .         Warding  .     (no gloves)
rMut   .         NoTele   +     r - +0 pair of boots
MR     .....                    (no amulet)
Stlth  ..........               u - +3 ring of strength
                                t - +3 ring of strength

@: mighty, very slightly contaminated, hasted, invisible (expiring), very quick,
not resistant to hostile enchantments, extremely unstealthy
A: strong 1
a: Renounce Religion


You were in the Dungeon.
You worshipped Xom.
You were a toy of Xom.
You were not hungry.

You visited 1 branch You collected 19 gold pieces.

Inventory:

Hand weapons
 q - a +2 scimitar of holy wrath (weapon)
Armour
 c - a +0 shield (worn)
 r - a +0 pair of boots (worn)
 s - a +1 scale mail (worn)
Jewellery
 t - a +3 ring of strength (left hand)
 u - a +3 ring of strength (right hand)
Magical devices
 p - a wand of draining (1)
Scrolls
 b - 2 scrolls of fog
 f - a scroll of fear
 k - 2 scrolls of blinking
 n - 6 scrolls of remove curse
 o - 2 scrolls of amnesia
Potions
 a - a potion of agility
 h - a potion of haste
 i - 4 potions of magic
 j - a potion of berserk rage
 l - 7 potions of heal wounds
 m - 3 potions of curing
Comestibles
 d - a meat ration


   Skills:
 - Level 13.6 Fighting
 * Level 18.7 Long Blades
 - Level 3.2 Armour
 - Level 3.2 Shields


You had 8 spell levels left.
You didn't know any spells.

Dungeon Overview and Level Annotations

Branches:
Dungeon (1/1)

Altars:
Cheibriados
Dithmenos
Elyvilon
Fedhas
Gozag
Kikubaaqudgha
Makhleb
Nemelex Xobeh
Okawaru
Qazlal
Ru
Sif Muna
Trog
Vehumet
Xom
Yredelemnul
Zin
The Shining One
Beogh
Jiyva
Lugonu


Innate Abilities, Weirdness & Mutations

Your muscles are strong. (Str +2)


Message History

The spiny frog gives a loud, deep croak!
The spiny frog gives a loud, deep croak!
Xom's power touches on your mind for a moment.
The hound looks rather confused.
The giant frog looks rather confused.
The spiny frog looks rather confused.
The eight-headed hydra looks rather confused.
The giant frog hits the spiny frog.
The spiny frog stings the eight-headed hydra!!
The giant frog seems less confused.
The eight-headed hydra bites the spiny frog! x3
The spiny frog dies!
You block the eight-headed hydra's attack.
The eight-headed hydra bites you!
* * * LOW HITPOINT WARNING * * *
The eight-headed hydra bites you.
* * * LOW HITPOINT WARNING * * *
The eight-headed hydra barely misses you.
The eight-headed hydra bites you.
You die...
Xom chortles!

▓'▓.▓.▓
▓.▓.▓.▓
▓)▓.▓.▓
▓.▓.▓.▓
▓.▓.▓h▓
▓.▓.▓†▓
▓'▓.▓F▓
▓.▓.▓D▓
▓.▓.▓@▓
▓.▓.▓.▓
▓.▓.▓.▓
▓<▓...▓
▓▓▓▓▓▓▓


You could see an eight-headed hydra (confused), a giant frog and a hound
(confused).

Vanquished Creatures
  2 ugly things (D)
  2 spiny frogs (D)
  A tengu conjurer (D)
  A two-headed ogre (D)
  A hippogriff (D)
  A water moccasin (D)
  A phantom (D)
  An ice beast (D)
  A crocodile (D)
  A giant frog (D)
  2 hounds (D)
  A worker ant (D)
  An iguana (D)
  A shadow imp (D)
  An orc (D)
  4 bats (D)
  A bat zombie (D)
  A goblin (D)
  A hobgoblin (D)
  A ball python zombie (D)
  A giant newt (D)
  A goblin zombie (D)
  A rat (D)
  A rat zombie (D)
30 creatures vanquished.

Vanquished Creatures (collateral kills)
  A spiny frog (D)
1 creature vanquished.

Grand Total: 31 creatures vanquished

Notes
Turn   | Place    | Note
--------------------------------------------------------------
     0 | D        | Monkaria, the Hill Orc Fighter, began the quest for the Orb.
     0 | D        | Reached XP level 1. HP: 19/19 MP: 1/1
     7 | D        | Reached skill level 4 in Fighting
    18 | D        | Noticed a worker ant
    41 | D        | Reached XP level 2. HP: 21/28 MP: 2/2
    55 | D        | Killed a worker ant
    55 | D        | Reached skill level 5 in Fighting
    55 | D        | Reached skill level 6 in Long Blades
    55 | D        | Reached XP level 3. HP: 14/36 MP: 3/3
    78 | D        | Found a glowing silver altar of Zin.
    78 | D        | Found a glowing golden altar of the Shining One.
    78 | D        | Found an ancient bone altar of Kikubaaqudgha.
    78 | D        | Found a basalt altar of Yredelemnul.
    78 | D        | Found a shimmering altar of Xom.
    78 | D        | Found a radiant altar of Vehumet.
    78 | D        | Found an iron altar of Okawaru.
    79 | D        | Found a burning altar of Makhleb.
    80 | D        | Found a deep blue altar of Sif Muna.
    81 | D        | Found a bloodstained altar of Trog.
    82 | D        | Found a sparkling altar of Nemelex Xobeh.
    83 | D        | Found a white marble altar of Elyvilon.
    84 | D        | Found a roughly hewn altar of Beogh.
    85 | D        | Found a viscous altar of Jiyva.
    86 | D        | Found a corrupted altar of Lugonu.
    87 | D        | Found a blossoming altar of Fedhas.
    88 | D        | Found a snail-covered altar of Cheibriados.
    93 | D        | Became a worshipper of Xom of Malevolent Giggling
    98 | D        | Found a shadowy altar of Dithmenos.
    99 | D        | Found a stormy altar of Qazlal.
   100 | D        | Found an opulent altar of Gozag.
   101 | D        | Found a sacrificial altar of Ru.
   145 | D        | XOM: harmless Ice miscast
   262 | D        | Noticed a hound
   262 | D        | Noticed a hound
   262 | D        | Noticed a water moccasin
   262 | D        | Noticed a two-headed ogre
   262 | D        | Noticed a hippogriff
   264 | D        | Killed a two-headed ogre
   264 | D        | Reached skill level 9 in Fighting
   264 | D        | Reached skill level 10 in Long Blades
   264 | D        | Reached XP level 4. HP: 44/50 MP: 4/4
   264 | D        | Reached XP level 5. HP: 50/57 MP: 5/5
   264 | D        | Reached XP level 6. HP: 55/63 MP: 6/6
   265 | D        | Killed a hippogriff
   265 | D        | Reached skill level 10 in Fighting
   265 | D        | Reached skill level 12 in Long Blades
   267 | D        | Killed a water moccasin
   267 | D        | Reached XP level 7. HP: 54/73 MP: 7/7
   272 | D        | Killed a hound
   272 | D        | Reached skill level 13 in Long Blades
   273 | D        | Killed a hound
   282 | D        | Noticed a green ugly thing
   282 | D        | Noticed a cyan ugly thing
   282 | D        | Noticed a phantom
   282 | D        | Noticed an ice beast
   282 | D        | Noticed a tengu conjurer
   288 | D        | Killed an ice beast
   290 | D        | Killed a cyan ugly thing
   290 | D        | Reached skill level 15 in Long Blades
   290 | D        | Reached XP level 8. HP: 45/84 MP: 8/8
   293 | D        | Killed a tengu conjurer
   293 | D        | XOM: potion effect (curing)
   295 | D        | Killed a phantom
   296 | D        | XOM: smoke on damage
   311 | D        | Killed a green ugly thing
   311 | D        | Reached skill level 16 in Long Blades
   311 | D        | Reached XP level 9. HP: 30/93 MP: 9/9
   320 | D        | Gained mutation: Your muscles are strong. (Str +2) [mutagenic meat]
   457 | D        | XOM: divination: magic mapping
   717 | D        | Noticed a spiny frog
   717 | D        | Noticed a six-headed hydra
   717 | D        | Noticed a spiny frog
   717 | D        | Noticed a spiny frog
   717 | D        | Noticed a crocodile
   717 | D        | Noticed a giant frog
   717 | D        | Noticed an iguana
   718 | D        | Killed an iguana
   721 | D        | Noticed a giant frog
   722 | D        | Noticed a hound
   724 | D        | Killed a giant frog
   728 | D        | Killed a crocodile
   728 | D        | Reached skill level 17 in Long Blades
   734 | D        | XOM: potion effect (heal wounds)
   738 | D        | Killed a spiny frog
   741 | D        | XOM: divination: detect creatures
   749 | D        | Killed a spiny frog
   749 | D        | Reached skill level 18 in Long Blades
   781 | D        | XOM: scenery: 1 doors open
   787 | D        | XOM: confuse monster(s)
   789 | D        | Killed a spiny frog
   792 | D        | HP: 3/93 [eight-headed hydra (3)]
   792 | D        | Slain by an eight-headed hydra

Action                   |  1- 3 |  4- 6 |  7- 9 || total
-------------------------+-------+-------+-------++-------
Melee: Long sword        |    51 |       |       ||    51
       Scimitar          |       |     2 |    58 ||    60
Evoke: Wand              |     1 |     1 |     4 ||     6
  Use: Potion            |     2 |       |     7 ||     9
  Eat: Chunk             |       |       |     1 ||     1
